 Dungeon Crawl Stone Soup version 0.29-a0-397-g846e4a0bbc (webtiles) character file.

Game seed: 2735267050162979661

56124 Bruhh the Green Death (level 14, -7/121 HPs)
             Began as a Yellow Draconian Air Elementalist on May 11, 2022.
             Was a High Priest of Fedhas.
             Mangled by an orc knight
             ... wielding a +0 long sword
              (35 damage)
             ... on level 2 of the Orcish Mines.
             The game lasted 01:29:50 (24262 turns).

Bruhh the Green Death (DrAE)                       Turns: 24262, Time: 01:29:50

Health: -7/121     AC:  9    Str: 11    XL:     14   Next: 40%
Magic:  4/30       EV: 15    Int: 26    God:    Fedhas [*****.]
Gold:   784        SH:  0    Dex: 12    Spells: 1/37 levels left

rFire   + . .      SeeInvis .   N - staff of air
rCold   . . .      Faith    .   (no shield)
rNeg    . . .      Spirit   .   (body armour unavailable)
rPois   .          Reflect  .   (helmet restricted)
rElec   +          Harm     .   (no cloak)
rCorr   +          Rampage  .   (no gloves)
Will    +....                   O - +0 pair of boots
Stlth   ++........              f - amulet of magic regeneration
HPRegen 0.30/turn               A - ring of protection from fire
MPRegen 0.62/turn               L - +6 ring of intelligence

@: swift (expiring), studying 2 skills, quick
A: spit acid, AC +8, unfitting armour, acidic bite, cold-blooded, acid
resistance
a: Breathe Acid, Renounce Religion, Wall of Briars, Grow Ballistomycete,
Overgrow, Grow Oklob


You were on level 2 of the Orcish Mines.
You worshipped Fedhas.
Fedhas was extremely pleased with you.
You visited 4 branches of the dungeon, and saw 18 of its levels.
You visited 1 bazaar.
You also visited: Sewer and Ossuary.

You collected 1739 gold pieces.
You spent 955 gold pieces at shops.

Inventory:

Hand Weapons
 r - a +1 lajatang of freezing
Missiles
 l - 19 poisoned darts
 B - 3 throwing nets
 M - 8 curare-tipped darts
Armour
 O - a +0 pair of boots (worn)
Magical Staves
 N - a staff of air (weapon)
Jewellery
 f - an amulet of magic regeneration (around neck)
 i - a ring of poison resistance
 u - an amulet of reflection
 w - a ring of positive energy
 A - a ring of protection from fire (left hand)
 I - an amulet of regeneration
 L - a +6 ring of intelligence (right hand)
 R - a ring of flight
 T - an amulet of guardian spirit
Wands
 E - a wand of iceblast (22)
 J - a wand of polymorph (10)
 K - a wand of acid (9)
 S - a wand of mindburst (7)
Scrolls
 b - 2 scrolls of summoning
 d - a scroll of blinking
 h - 4 scrolls of poison
 j - 2 scrolls of fear
 o - 5 scrolls of immolation
 p - 4 scrolls of magic mapping
 q - 4 scrolls of fog
 t - 3 scrolls of enchant weapon
 x - 2 scrolls of enchant armour
 y - 5 scrolls of teleportation
 z - 3 scrolls of noise
 C - 2 scrolls of torment
 D - 2 scrolls of amnesia
Potions
 a - 2 potions of magic
 c - 11 potions of curing
 e - 7 potions of flight
 g - 3 potions of heal wounds
 k - 7 potions of brilliance
 m - 2 potions of lignification {unknown}
 n - 3 potions of attraction
 s - 5 potions of mutation
 v - a potion of cancellation {unknown}
 F - a potion of invisibility {unknown}
 G - 3 potions of haste {unknown}
 H - a potion of might {unknown}
 P - 2 potions of degeneration {unknown}
 Q - a potion of ambrosia {unknown}


   Skills:
 - Level 10.0 Fighting
 - Level 9.3 Dodging
 - Level 1.7 Stealth
 - Level 12.0 Spellcasting
 - Level 8.0 Conjurations
 + Level 8.0 Summonings
 - Level 4.6 Translocations
 - Level 4.0 Ice Magic
 - Level 8.0 Air Magic
 + Level 12.1 Invocations


You had one spell level left.
You knew the following spells:

 Your Spells              Type           Power      Damage    Failure   Level
a - Shock                 Conj/Air       100%       1d9       1%          1
b - Static Discharge      Conj/Air       72%        N/A       1%          2
c - Swiftness             Air            72%        N/A       1%          3
d - Airstrike             Air            36%        N/A       1%          4
e - Frozen Ramparts       Ice            72%        1d9       2%          3
f - Summon Lightning Spi  Summ/Air       72%        N/A       1%          4
g - Summon Ice Beast      Ice/Summ       46%        N/A       3%          4
h - Lightning Bolt        Conj/Air       36%        1d54      3%          5
i - Summon Forest         Summ/Tloc      24%        N/A       8%          5
j - Freezing Cloud        Conj/Ice/Air   33%        6-21      7%          5

Your spell library contained the following spells:

 Spells                   Type           Power      Damage    Failure   Level
 Beastly Appendage        Tmut           30%        N/A       3%          1
 Mephitic Cloud           Conj/Pois/Air  60%        N/A       1%          3
 Ozocubu's Armour         Ice            36%        N/A       2%          3
 Scorch                   Fire           30%        2d7       5%          2
 Wereblood                Tmut           15%        N/A       5%          2
 Passage of Golubria      Tloc           39%        N/A       5%          4
 Flame Wave               Conj/Fire      36%        2d9       7%          4
 Spider Form              Tmut/Pois      15%        N/A       11%         3
 Tukima's Dance           Hex            15%        N/A       11%         3
 Ice Form                 Ice/Tmut       26%        N/A       16%         4
 Summon Cactus Giant      Summ           27%        N/A       22%         6
 Yara's Violent Unravell  Hex/Tmut       7%         3d5       71%         5
 Summon Hydra             Summ           27%        N/A       75%         7
 Eringya's Noxious Bog    Tmut/Pois      7%         N/A       99%         6
 Ozocubu's Refrigeration  Ice            18%        4d8       99%         7


Dungeon Overview and Level Annotations

Branches:
Dungeon (9/15)             Temple (1/1) D:5            Lair (6/6) D:9
 Shoals (0/4) Lair:3       Spider (0/4) Lair:2        Slime (0/5) Lair:6
    Orc (2/2) D:9             Elf (0/3) Orc:2         Sewer (visited)
Ossuary (visited)

Altars:
Ashenzari
Cheibriados
Elyvilon
Fedhas
Hepliaklqana
Kikubaaqudgha
Makhleb
Okawaru
Ru
Sif Muna
Trog
Uskayaw
Vehumet
Wu Jian
Xom
Yredelemnul
Zin
The Shining One

Shops:
Orc:2 [?:

Annotations:
D:3 1 runed translucent door, Crazy Yiuf
Lair:6 3 runed translucent doors, Sickboy's ghost, journeyman MiFi


Innate Abilities, Weirdness & Mutations

You can spit globs of acid.
Your golden yellow scales are hard. (AC +8)
You cannot fit into any form of body armour.
You have acidic saliva.
You are cold-blooded and may be slowed by cold attacks.
You are resistant to acid. (rCorr)


Message History

Your wandering mushroom barely misses the orc knight.
Your oklob sapling spits acid at the orc knight.
The splash of acid hits the orc knight!
The orc knight seems to be corroded for longer.
The orc knight dies!
Fedhas appreciates your contribution to the ecosystem.
Unknown command.
Space becomes stable.
Your oklob sapling spits acid at the orc knight.
The splash of acid hits the orc knight!!
The acid corrodes the orc knight!
The orc knight dies!
Fedhas appreciates your contribution to the ecosystem.
Training target 8.0 for Summonings reached!
Your Summonings skill increases to level 8!
You need to enable at least one skill for training.
Okay, then.
Okay, then.
Casting: Freezing Cloud (dangerous; 7% risk of failure)
Confirm with . or Enter, or press ? or * to list all spells.
Aiming: Airstrike (mildly dangerous; 1% risk of failure)
Press: ? - help, Dir - move target, f - orc knight
Aim: an orc knight, wielding a +0 long sword and wearing a +0 plate armour (heavily wounded, strong, ally target, empty space bonus: 4/8)
You feel a surge of power!
The air twists around and strikes the orc knight!
The orc knight is severely wounded.
The orc knight hits you with a +0 long sword!!
* * * LOW HITPOINT WARNING * * *
Casting: Airstrike (mildly dangerous; 1% risk of failure)
Confirm with . or Enter, or press ? or * to list all spells.
Aiming: Airstrike (mildly dangerous; 1% risk of failure)
Press: ? - help, Dir - move target, f/p - orc knight
Aim: an orc knight, wielding a +0 long sword and wearing a +0 plate armour (severely wounded, strong, ally target, empty space bonus: 4/8)
You feel a surge of power!
The air twists around and strikes the orc knight.
The orc knight is severely wounded.
You start to feel a little slower.
The orc knight hits you with a +0 long sword!!
You die...
Fedhas appreciates your contribution to the ecosystem.

##*### *** ##.##@## ***
##*###.###....o.## **,**
#.##.....#.....PP# *...*
#.........#....)P#####..#*
#...............f..#....*
#......................#*
* #.....)..............#**
* #...................##
##♣......).♣.♣.....#.##


You could see an orc knight (strong, ally target), a friendly wandering mushroom
(summoned) and 3 friendly oklob saplings.

Vanquished Creatures
  Erica (D:8)
  A boulder beetle (Lair:5)
  A centaur warrior (D:8)
  A two-headed ogre (D:9)
  3 death yaks (Lair:6)
  2 orc high priests (Orc:2)
  Sonja (Lair:5)
  A lindwurm (Lair:6)
  A deep elf pyromancer (D:8)
  2 orc sorcerers (Orc:2)
  6 black mambas
  4 elephants (Lair:4)
  A merfolk siren (Lair:3)
  2 torpor snails (Lair:6)
  4 cane toads
  2 rime drakes (Lair:1)
  7 komodo dragons
  A troll (Orc:2)
  4 hornets
  7 blink frogs
  A dream sheep (Lair:5)
  5 spriggans (Lair:5)
  A shadow (D:9)
  3 basilisks
  35 yaks
  5 wyverns
  2 steam dragons
  A two-headed ogre zombie (D:9)
  An acid dragon (D:8)
  16 water moccasins
  2 hell hounds (Lair:6)
  6 orc warriors
  2 black bears
  2 ice beasts (D:5)
  A sky beast (D:7)
  5 ogres
  3 boggarts (Lair:5)
  5 wolves (Lair:3)
  2 phantoms
  9 bullfrogs
  5 scorpions
  3 necrophages (D:6)
  6 wights
  3 killer bees (D:9)
  3 lava snakes (Lair:6)
  6 orc priests
  4 hounds
  10 jellies
  3 iguanas (D:5)
  13 orc wizards
  4 ogre zombies (D:9)
  15 mummies
  16 adders
  6 gnolls
  A shadow imp (D:6)
  3 white imps
  An ufetubus (D:5)
  3 worms
  2 dart slugs (D:3)
  22 orcs
  5 endoplasms
  11 giant cockroaches
  2 goblins
  5 hobgoblins
  7 quokkas
  11 ball pythons
  8 bats
  12 frilled lizards
  3 goblin skeletons
  4 goblin zombies
  3 hobgoblin zombies
  3 kobolds
  3 kobold skeletons (Ossuary)
  4 orc skeletons
  12 orc zombies (D:9)
  5 rats
  11 rat skeletons (Ossuary)
397 creatures vanquished.

Vanquished Creatures (collateral kills)
  A fire dragon (Lair:6)
  A catoblepas (Lair:6)
  2 hydras (Lair:6)
  3 death yaks (Lair:6)
  An orc high priest (Orc:2)
  3 orc knights (Orc:2)
  A manticore (D:8)
  12 elephants
  4 black mambas (Lair:6)
  2 molten gargoyles (Lair:6)
  3 cane toads
  5 komodo dragons
  A rime drake (Lair:6)
  2 polar bears
  9 blink frogs
  Prince Ribbit (Lair:1)
  4 wyverns
  6 spriggans (Lair:5)
  20 yaks
  A steam dragon (Lair:6)
  7 water moccasins
  2 hell hounds (Lair:6)
  5 orc warriors (Orc:2)
  A black bear (D:9)
  A kobold brigand (D:8)
  3 bullfrogs
  A wight (D:9)
  2 lava snakes (Lair:6)
  4 jellies (Lair:6)
  3 orc priests
  An ogre zombie (D:9)
  3 orcs (Orc:2)
  An endoplasm (Lair:6)
  A goblin skeleton (D:9)
  3 orc zombies (D:9)
  5 ballistomycete spores (Lair:6)
125 creatures vanquished.

Vanquished Creatures (others)
  A ballistomycete spore (Lair:6)
  87 fungi
  68 plants
  A snaplasher vine (Lair:6)
157 creatures vanquished.

Grand Total: 679 creatures vanquished

Notes
Turn   | Place    | Note
-------+----------+-------------------------------------------
     0 | D:1      | Bruhh the Draconian Air Elementalist began the quest for
                  | the Orb.
     0 | D:1      | Reached XP level 1. HP: 14/14 MP: 3/3
   423 | D:1      | Reached XP level 2. HP: 20/20 MP: 3/5
   767 | D:1      | Found a faded altar of an unknown god.
  1271 | D:2      | Reached XP level 3. HP: 25/26 MP: 1/6
  1383 | D:2      | HP: 1/26 [poisoned by an adder]
  1743 | D:2      | Learned a level 2 spell: Static Discharge
  2059 | D:2      | Reached XP level 4. HP: 30/33 MP: 5/7
  2380 | D:3      | Found a runed translucent door.
  2381 | D:3      | Noticed Crazy Yiuf
  2598 | D:3      | Noticed a sky beast
  2610 | D:4      | Noticed a phantom
  2630 | D:4      | Found a glowing drain.
  2686 | D:4      | Noticed a scorpion
  2688 | Sewer    | Entered a sewer
  3147 | Sewer    | Reached XP level 5. HP: 38/38 MP: 5/8
  3281 | Sewer    | Reached skill level 5 in Air Magic
  3297 | Sewer    | Reached XP level 6. HP: 17/45 MP: 5/9
  3936 | D:4      | Reached skill level 5 in Conjurations
  3940 | D:4      | Learned a level 3 spell: Swiftness
  4750 | D:5      | Entered Level 5 of the Dungeon
  4769 | D:5      | Your scales start taking on a golden yellow colour.
  4769 | D:5      | Reached XP level 7. HP: 50/50 MP: 6/12
  4769 | D:5      | Gained mutation: You are resistant to acid. (rCorr) [Yellow
                  | Draconian growth]
  5295 | D:5      | Found a staircase to the Ecumenical Temple.
  5357 | D:5      | Reached skill level 5 in Spellcasting
  5364 | Temple   | Entered the Ecumenical Temple
  5729 | Temple   | Became a worshipper of Fedhas Madash
  5844 | D:5      | Reached XP level 8. HP: 44/57 MP: 12/15
  6143 | D:5      | Found a burning altar of Makhleb.
  6203 | D:5      | Learned a level 4 spell: Airstrike
  6826 | D:6      | Found a snail-covered altar of Cheibriados.
  7459 | D:6      | Found a white marble altar of Elyvilon.
  7618 | D:7      | Found a sand-covered staircase.
  7626 | Ossuary  | Entered an ossuary
  7650 | Ossuary  | Reached * piety under Fedhas
  7790 | Ossuary  | Reached XP level 9. HP: 62/62 MP: 21/21
  8453 | D:7      | Reached ** piety under Fedhas
  8854 | D:7      | Reached skill level 1 in Fighting
  9327 | D:7      | Found a shimmering blue altar of Sif Muna.
  9848 | D:8      | Paralysed by a hornet for 3 turns
  9854 | D:8      | Reached skill level 5 in Fighting
  9882 | D:8      | Learned a level 3 spell: Frozen Ramparts
 10068 | D:8      | Noticed Erica
 10082 | D:8      | Killed Erica
 10088 | D:8      | Learned a level 4 spell: Summon Lightning Spire
 10431 | D:8      | Reached skill level 1 in Summonings
 10431 | D:8      | Reached XP level 10. HP: 82/83 MP: 18/23
 10677 | D:8      | Noticed a deep elf pyromancer
 10682 | D:8      | Killed a deep elf pyromancer
 10682 | D:8      | Reached *** piety under Fedhas
 10826 | D:8      | Noticed a manticore
 10832 | D:8      | Killed a manticore
 10885 | D:8      | Noticed a centaur warrior
 10891 | D:8      | Killed a centaur warrior
 10898 | D:8      | Learned a level 4 spell: Summon Ice Beast
 11150 | D:8      | Found a broken altar of Ashenzari.
 11246 | D:9      | Reached skill level 1 in Invocations
 11256 | D:9      | Reached skill level 5 in Summonings
 11916 | D:9      | Noticed a two-headed ogre
 11939 | D:9      | Killed a two-headed ogre
 11940 | D:9      | Reached skill level 5 in Invocations
 12061 | D:9      | Found a staircase to the Orcish Mines.
 12400 | D:9      | Reached **** piety under Fedhas
 12483 | D:9      | Reached XP level 11. HP: 70/91 MP: 24/24
 13087 | D:9      | Found a staircase to the Lair.
 13145 | Lair:1   | Entered Level 1 of the Lair of Beasts
 13897 | Lair:1   | Noticed Prince Ribbit
 13904 | Lair:1   | Killed Prince Ribbit
 15344 | Lair:2   | Found a hole to the Spider Nest.
 15368 | Lair:2   | Reached skill level 10 in Invocations
 15863 | Lair:3   | Found a staircase to the Shoals.
 16038 | Lair:3   | You fall into a shaft and drop 3 floors!
 16038 | Lair:6   | Entered Level 6 of the Lair of Beasts
 16052 | Lair:6   | Reached ***** piety under Fedhas
 16201 | Lair:6   | Reached XP level 12. HP: 89/102 MP: 11/25
 16207 | Lair:6   | Learned a level 5 spell: Lightning Bolt
 16315 | Lair:6   | Found a staircase to the Slime Pits.
 16324 | Lair:6   | Noticed a catoblepas
 16334 | Lair:6   | Noticed a death yak
 16336 | Lair:6   | Killed a catoblepas
 16343 | Lair:6   | Noticed a death yak
 16343 | Lair:6   | Killed a death yak
 16344 | Lair:6   | Reached skill level 10 in Fighting
 16346 | Lair:6   | Noticed a death yak
 16348 | Lair:6   | Killed a death yak
 16349 | Lair:6   | Noticed a death yak
 16350 | Lair:6   | Killed a death yak
 16351 | Lair:6   | Noticed a death yak
 16352 | Lair:6   | Noticed a six-headed hydra
 16353 | Lair:6   | Killed a death yak
 16354 | Lair:6   | Noticed a death yak
 16356 | Lair:6   | Reached skill level 10 in Spellcasting
 16356 | Lair:6   | Killed a six-headed hydra
 16360 | Lair:6   | Killed a death yak
 16363 | Lair:6   | Killed a death yak
 17625 | Lair:3   | Reached XP level 13. HP: 97/113 MP: 20/29
 18578 | Lair:3   | Reached skill level 5 in Dodging
 19008 | Lair:4   | Reached ****** piety under Fedhas
 20177 | Lair:5   | Noticed Sonja
 20181 | Lair:5   | Killed Sonja
 20752 | Lair:5   | Learned a level 5 spell: Summon Forest
 20890 | Lair:5   | Reached skill level 1 in Translocations
 21032 | Lair:5   | Identified the +4 long sword of the Everdark {drain, Str+3}
 21795 | Lair:6   | Gained mutation: You have acidic saliva. [Yellow Draconian
                  | growth]
 21795 | Lair:6   | Reached XP level 14. HP: 106/109 MP: 7/30
 22151 | Lair:6   | Found a runed translucent gate.
 22151 | Lair:6   | Found a runed translucent gate.
 22151 | Lair:6   | Found a runed translucent gate.
 22152 | Lair:6   | Noticed Sickboy's ghost (journeyman MiFi)
 22273 | Lair:6   | Found a large runed translucent door.
 22274 | Lair:6   | Found a large runed translucent door.
 23493 | Orc:1    | Entered Level 1 of the Orcish Mines
 23620 | Orc:2    | Entered Level 2 of the Orcish Mines
 23624 | Orc:2    | Found Paotream's Book Boutique.
 23635 | Orc:2    | Found Hiod's Magic Scroll Emporium.
 23643 | Orc:2    | Found Odoremoi's Armour Boutique.
 23667 | Orc:2    | Bought a scroll of blinking for 82 gold pieces
 23667 | Orc:2    | Bought a scroll of teleportation for 33 gold pieces
 23670 | Orc:2    | Found a flickering gateway to a bazaar.
 23699 | Bazaar   | Entered a bazaar
 23707 | Bazaar   | Found Kyonkudy's Book Emporium.
 23707 | Bazaar   | Found Edoh's Jewellery Shoppe.
 23775 | Orc:2    | Bought the Tome of the Four Beasts for 420 gold pieces
 23775 | Orc:2    | Bought a book of Scorching for 420 gold pieces
 23781 | Orc:2    | Learned a level 5 spell: Freezing Cloud
 23836 | Orc:2    | Found a staircase to the Elven Halls.
 24262 | Orc:2    | Mangled by an orc knight

Illustrated notes

Levels and vault maps discovered:
D:1:      psy_arrival_radial01, layout_loops_ring,
          hellmonk_ecumenical_altar_pennies_from_heaven,
          chequers_serial_rivers_small_a, minmay_quantized
D:2:      layout_loops_cross, kennysheep_boxes
D:3:      layout_loops_ring, nicolae_overflow_hidden_temple,
          nemelex_dance_club_becter, nicolae_concentric_dashed_squares_mild,
          uniq_crazy_yiuf_cottage
D:4:      layout_rooms, cheibrodos_sewer_entry_drain
D:5:      layout_basic, lightli_temple_of_fire, temple_pool_b
D:6:      layout_cave_pools, mainiacjoe_overflow_catch_the_wave
D:7:      layout_basic, mainiacjoe_overflow_catwalk, nicolae_ossuary_entry_giza,
          hangedman_abyss_or_decor_lesser_grid
D:8:      layout_basic, lemuel_tele_altar, minmay_manual_mullet, uniq_erica
D:9:      layout_basic, grunt_lair_entry_orc_guard_hut, zombieorc2_lemuel
Temple:   oiseaux_autumnal_temple
Lair:1:   layout_chaotic_city, st_stairs_11, grunt_forest_stairs_basic,
          uniq_prince_ribbit2
Lair:2:   layout_cave_pods, spider_nest_entry_web_field
Lair:3:   layout_cave_pods, minmay_shoals_entry_lonely_mermaid,
          beast_lair_carwin_1, serial_bayou_shore_b
Lair:4:   layout_gridlike, lemuel_fruit_tree, serial_bayou_shore_b
Lair:5:   kb_forest_paths, layout_loops_ring, uniq_sonja
Lair:6:   cheibrodos_lair_end_hotspot, layout_hall_layers,
          minmay_slime_entry_jelly_boxes, gammafunk_ghost_hydra_chop
Orc:1:    layout_diamond_mine, basic_altar
Orc:2:    st_orc_elflike, layout_caves, serial_shops, bzr_entry_lakeside, shop,
          nicolae_square_shop, shop

Skill      XL: |  1  2  3  4  5  6  7  8  9 10 11 12 13 14 |
---------------+-------------------------------------------+-----
Conjurations   | 2 3 4 5 8 |  8.0
Air Magic      | 4 5 6 7 8 |  8.0
Spellcasting   | 3 5 8 9 12 | 12.0
Fighting       | 6 8 10 | 10.0
Ice Magic      | 4 |  4.0
Summonings     | 1 5 8 |  8.0
Invocations    | 6 10 11 12 | 12.1
Dodging        | 9 |  9.3
Translocations | 2 4 |  4.6
Stealth        | |  1.7

Action                   |  1- 3 |  4- 6 |  7- 9 | 10-12 | 13-15 || total
-------------------------+-------+-------+-------+-------+-------++-------
Melee: Unarmed           |    63 |    23 |       |       |       ||    86
       Tailslap          |     9 |     9 |    24 |    32 |     3 ||    77
       Punch             |     1 |       |       |       |     1 ||     2
       Lajatang          |       |    37 |   161 |   136 |       ||   334
       Staff             |       |       |       |    28 |    25 ||    53
Throw: Dart              |       |       |       |       |     2 ||     2
 Cast: Shock             |    78 |    93 |    75 |     1 |     1 ||   248
       Static Discharge  |     1 |    21 |    66 |    59 |    36 ||   183
       Airstrike         |       |       |     8 |    65 |    27 ||   100
       Frozen Ramparts   |       |       |     3 |    21 |     5 ||    29
       Summon Lightning  |       |       |       |    26 |    51 ||    77
       Summon Ice Beast  |       |       |       |    10 |     2 ||    12
       Swiftness         |       |       |       |     2 |     1 ||     3
       Lightning Bolt    |       |       |       |     8 |    97 ||   105
       Freezing Cloud    |       |       |       |       |     7 ||     7
       Summon Forest     |       |       |       |       |     5 ||     5
Invok: Overgrow          |       |       |       |     1 |     1 ||     2
 Abil: Breathe Acid      |       |       |       |     1 |     1 ||     2
  Use: Scroll            |       |       |     9 |     3 |     8 ||    20
       Potion            |       |       |     1 |     2 |     3 ||     6
 Stab: Sleeping          |       |       |     6 |       |       ||     6
       Distracted        |       |       |       |     2 |       ||     2
Armor: Skin              |    50 |    29 |    57 |    88 |    47 ||   271
Dodge: Dodged            |    82 |    66 |   136 |   135 |    97 ||   516

Table legend: (Time is in decaauts)
 A = Elapsed time spent in this place.
 B = Non-inter-level travel time spent in this place.
 C = Inter-level travel time spent in this place.
 D = Time resting spent in this place.
 E = Time spent auto-exploring this place.
 F = Levels seen in this place.
 G = Mean time per level.
                   A        B        C        D        E       F      G
               +--------+--------+--------+--------+--------+-----+--------+
         Total |  24630 |  24177 |    453 |     22 |  20506 |  21 | 1172.9 |
       Dungeon |  11022 |  10876 |    146 |     22 |   9295 |   9 | 1224.7 |
        Temple |    389 |    362 |     27 |      0 |    347 |   1 |  389.0 |
          Lair |  10345 |  10084 |    261 |      0 |   8797 |   6 | 1724.2 |
  Orcish Mines |    737 |    719 |     18 |      0 |    448 |   2 |  368.5 |
        Bazaar |     28 |     28 |      0 |      0 |     21 |   1 |   28.0 |
         Sewer |   1256 |   1256 |      0 |      0 |    966 |   1 | 1256.0 |
       Ossuary |    852 |    852 |      0 |      0 |    631 |   1 |  852.0 |
               +--------+--------+--------+--------+--------+-----+--------+

Top non-repeatable levels by time:
  Lair:6: 2623 daAuts
  Lair:3: 2042 daAuts
     D:9: 1996 daAuts
  Lair:5: 1968 daAuts
  Lair:1: 1602 daAuts
     D:7: 1491 daAuts
     D:8: 1484 daAuts
     D:6: 1299 daAuts
   Sewer: 1256 daAuts
     D:1: 1196 daAuts
  Lair:4: 1131 daAuts
     D:5: 1125 daAuts
     D:2: 1103 daAuts
     D:4: 1013 daAuts
  Lair:2: 977 daAuts
